 Dungeon Crawl Stone Soup version 0.25-a0-667-gb977e01cb5 (webtiles) character file.

Game seed: 18080223374934197892, levelgen mode: deterministic

5850 Error4North the Cleaver (level 10, -5/129 HPs)
             Began as a Hill Orc Fighter on Mar 27, 2020.
             Was an Elder of Okawaru.
             Slain by Snorg (9 damage)
             ... on level 9 of the Dungeon.
             The game lasted 00:51:48 (12417 turns).

Error4North the Cleaver (Hill Orc Fighter)         Turns: 12417, Time: 00:51:49

Health: -5/129     AC: 25    Str: 23    XL:     10   Next: 81%
Magic:  13/13      EV:  2    Int:  8    God:    Okawaru [****..]
Gold:   688        SH: 11    Dex: 10    Spells: 9/9 levels left

rFire    . . .     SeeInvis .   a - +0 war axe
rCold    . . .     Gourm    .   c - +0 kite shield
rNeg     + + +     Faith    .   (armour currently unavailable)
rPois    +         Spirit   .   (helmet currently unavailable)
rElec    .         Reflect  .   (cloak currently unavailable)
rCorr    .         Harm     .   (gloves currently unavailable)
MR       +....     NoTele   +   (boots currently unavailable)
Stlth    +.........             v - amulet of the acrobat
HPRegen  0.31/turn              (no ring)
MPRegen  0.13/turn              u - ring of protection from magic

@: mighty, tree-form
A: no striking features
a: Heroism, Renounce Religion


You were on level 9 of the Dungeon.
You worshipped Okawaru.
Okawaru was greatly pleased with you.
You were near starving.
You were a tree.
You visited 2 branches of the dungeon, and saw 11 of its levels.

You collected 688 gold pieces.

Inventory:

Hand Weapons
 a - a +0 war axe (weapon)
Missiles
 l - 7 silver javelins
 m - 17 boomerangs (quivered)
Armour
 c - a +0 kite shield (worn)
 d - a +0 plate armour (melded)
 o - a +2 cloak (melded)
 x - a +0 pair of boots (melded)
 H - a +0 helmet (melded)
Jewellery
 u - a ring of protection from magic (right branch)
 v - an amulet of the acrobat (around neck)
 B - a +2 ring of intelligence {unknown}
Wands
 y - a wand of flame (14)
 z - a wand of random effects (17)
 D - a wand of iceblast (9)
 E - a wand of paralysis (8)
Scrolls
 b - 3 scrolls of fog {unknown}
 e - 3 scrolls of blinking {unknown}
 g - 10 scrolls of remove curse
 h - 2 scrolls of immolation {unknown}
 i - 5 scrolls of teleportation
 j - 2 scrolls of enchant armour {unknown}
 k - 4 scrolls of identify {unknown}
 p - a scroll of fear {unknown}
 s - 3 scrolls of amnesia {unknown}
 t - a scroll of magic mapping {unknown}
Potions
 n - 4 potions of curing
 q - 2 potions of brilliance
 w - a potion of flight
Miscellaneous
 G - a lamp of fire
Comestibles
 f - 9 rations


   Skills:
 * Level 7.6 Fighting
 + Level 10.5 Axes
 + Level 1.3 Throwing
 * Level 9.4 Armour
 + Level 1.4 Dodging
 + Level 1.2 Stealth
 * Level 9.3 Shields
 * Level 4.0 Invocations
 * Level 3.1 Evocations


You had 9 spell levels left.
You didn't know any spells.
Your spell library contained the following spells:

 Spells                   Type           Power        Failure   Level  Hunger
 Corona                   Hex            #......      65%         1    ##.....
 Freeze                   Ice            #...         65%         1    ##.....
 Magic Dart               Conj           #...         65%         1    ##.....
 Blink                    Tloc           N/A          80%         2    ###....
 Call Imp                 Summ           #.......     80%         2    ###....
 Ensorcelled Hibernation  Hex/Ice        #.....       80%         2    ###....
 Slow                     Hex            #.......     80%         2    ###....
 Confusing Touch          Hex            #.......     95%         3    ####...
 Conjure Flame            Conj/Fire      #.......     95%         3    ####...
 Dazzling Flash           Conj/Hex       #.....       95%         3    ####...
 Frozen Ramparts          Ice            #.....       95%         3    ####...
 Mephitic Cloud           Conj/Pois/Air  #.......     95%         3    ####...
 Ozocubu's Armour         Chrm/Ice       #.......     95%         3    ####...
 Tukima's Dance           Hex            #.......     95%         3    ####...
 Hailstorm                Conj/Ice       #.......     100%        4    #####..
 Summon Ice Beast         Ice/Summ       #.......     100%        4    #####..


Dungeon Overview and Level Annotations

Branches:
Dungeon (10/15)            Temple (1/1) D:6
   Lair: D:8-11         Orc: D:9-12

Altars:
Ashenzari
Cheibriados
Dithmenos
Elyvilon
Fedhas
Gozag
Hepliaklqana
Kikubaaqudgha
Makhleb
Nemelex Xobeh
Okawaru
Qazlal
Ru
Sif Muna
Trog
Uskayaw
Vehumet
Wu Jian
Xom
Yredelemnul
Zin
The Shining One

Annotations:
D:7 2 transporters, catzilla's ghost, novice HOFi
D:8 3 runed translucent doors, Esekla's ghost, novice OpVM
D:9 Snorg


Message History

You closely miss Snorg.
Snorg is almost dead.
Snorg bites you but does no damage. You block Snorg's attack.
Snorg claws you but does no damage.
You closely miss Snorg.
Snorg is almost dead.
Snorg bites you.
* * * LOW HITPOINT WARNING * * *
Snorg claws you but does no damage. Snorg claws you.
* * * LOW HITPOINT WARNING * * *
You block Snorg's attack. x2; Snorg claws you but does no damage.
You barely miss Snorg.
Snorg is almost dead.
Snorg bites you.
* * * LOW HITPOINT WARNING * * *
You block Snorg's attack. x2
You feel very mighty all of a sudden. Snorg bites you but does no damage.
Snorg claws you but does no damage. You block Snorg's attack. Snorg bites you!
You die...

#...##...# ##...##
##..## #...###..##
##....# ##..###
##...##...####....##
###..#
#...###.........##
####
##...###........#
#....####..._.##
##...## ###...###
#....######....####
##.>.........T♣....#
##..)...............#
#.........#........##
#....###############
#...## ##.## ### ####
#..###


You could see Snorg (berserk).

Vanquished Creatures
  A two-headed ogre (D:8)
  Erica (D:8)
  2 centaur skeletons
  Maggie (D:7)
  A hippogriff (D:8)
  Grum (D:8)
  Duvessa (D:7)
  2 orc warriors
  2 sky beasts
  An ice beast (D:5)
  4 phantoms
  6 ogres
  A necrophage (D:6)
  3 wolves (D:8)
  2 centaurs
  A crocodile (D:9)
  3 bullfrogs (D:6)
  4 scorpions
  Dowan (D:7)
  2 howler monkeys (D:6)
  3 crimson imps
  A quasit (D:4)
  A bullfrog zombie (D:9)
  5 orc priests
  2 hounds
  2 jellies
  An iguana (D:6)
  Jessica (D:7)
  6 orc wizards
  8 worker ants
  A killer bee zombie (D:4)
  3 hound zombies
  A hound skeleton (D:5)
  10 adders
  A shadow imp (D:5)
  An adder skeleton (D:6)
  4 worms
  A dart slug (D:4)
  4 leopard geckos
  29 orcs
  7 giant cockroaches
  13 goblins
  8 hobgoblins
  14 jackals
  9 kobolds
  4 quokkas
  3 ball pythons
  10 bats
  5 frilled lizards
  A leopard gecko zombie (D:5)
  3 quokka skeletons
  A quokka zombie (D:6)
  3 rats
206 creatures vanquished.

Vanquished Creatures (others)
  5 plants (D:8)
5 creatures vanquished.

Grand Total: 211 creatures vanquished

Notes
Turn   | Place    | Note
-------+----------+-------------------------------------------
     0 | D:1      | Error4North the Hill Orc Fighter began the quest for the
                  | Orb.
     0 | D:1      | Reached XP level 1. HP: 19/19 MP: 1/1
    45 | D:1      | Reached XP level 2. HP: 19/27 MP: 2/2
   371 | D:1      | Reached XP level 3. HP: 33/33 MP: 3/3
  1038 | D:2      | Reached skill level 3 in Axes
  1536 | D:2      | Reached XP level 4. HP: 40/40 MP: 4/4
  2057 | D:3      | Found a shattered altar of Ashenzari.
  2104 | D:3      | Reached XP level 5. HP: 40/46 MP: 5/5
  2462 | D:3      | Reached skill level 4 in Axes
  2686 | D:4      | Reached skill level 5 in Armour
  3051 | D:4      | Noticed an ogre
  3061 | D:4      | Killed an ogre
  3061 | D:4      | Reached XP level 6. HP: 31/52 MP: 6/6
  3081 | D:4      | Noticed a +0 dagger
  3083 | D:4      | Found a hide-covered altar of Uskayaw.
  3083 | D:4      | Noticed a +0 dagger
  3488 | D:4      | Found an ornate altar of the Wu Jian Council.
  3512 | D:4      | Reached skill level 5 in Shields
  3651 | D:4      | Reached skill level 5 in Axes
  3651 | D:4      | Reached XP level 7. HP: 38/60 MP: 7/7
  4794 | D:5      | Entered Level 5 of the Dungeon
  4887 | D:5      | Reached skill level 6 in Axes
  5507 | D:5      | Reached XP level 8. HP: 33/67 MP: 8/8
  5607 | D:4      | Reached skill level 1 in Dodging
  5674 | D:5      | Reached skill level 5 in Fighting
  6041 | D:5      | Reached skill level 7 in Axes
  6626 | D:6      | Found a staircase to the Ecumenical Temple.
  6631 | Temple   | Entered the Ecumenical Temple
  6887 | Temple   | Became a worshipper of Warmaster Okawaru
  7113 | D:6      | Reached XP level 9. HP: 59/74 MP: 9/9
  7274 | D:6      | Reached skill level 8 in Axes
  7777 | D:7      | Reached * piety under Okawaru
  7844 | D:7      | Found a transporter.
  7846 | D:7      | Noticed a two-headed ogre
  7847 | D:7      | Found a bloodstained altar of Trog.
  7847 | D:7      | Noticed catzilla's ghost (novice HOFi)
  7848 | D:7      | Noticed a moth of wrath
  7856 | D:7      | Noticed Dowan
  7865 | D:7      | Noticed Duvessa
  7867 | D:7      | Killed Dowan
  7885 | D:7      | Killed Duvessa
  8169 | D:7      | Found a sacrificial altar of Ru.
  8178 | D:7      | Found a glowing silver altar of Zin.
  8273 | D:7      | Reached skill level 9 in Axes
  8396 | D:7      | Reached skill level 1 in Invocations
  8474 | D:7      | Found a transporter.
  8522 | D:7      | Noticed Jessica
  8533 | D:7      | Killed Jessica
  8544 | D:7      | Found a shimmering blue altar of Sif Muna.
  8577 | D:7      | Noticed Maggie
  8593 | D:7      | Killed Maggie
  8593 | D:7      | Reached ** piety under Okawaru
  8593 | D:7      | Reached skill level 1 in Stealth
  8593 | D:7      | Reached skill level 1 in Evocations
  8706 | D:7      | You fall into a shaft and drop 3 floors!
  8706 | D:10     | Entered Level 10 of the Dungeon
  8718 | D:10     | Noticed a gargoyle
  8793 | D:10     | Reached skill level 1 in Throwing
  8793 | D:10     | Reached XP level 10. HP: 76/84 MP: 11/11
  8826 | D:10     | Noticed Snorg
  8870 | D:9      | Noticed a two-headed ogre
  8901 | D:9      | Found a snail-covered altar of Cheibriados.
  8901 | D:9      | Found a shadowy altar of Dithmenos.
  8901 | D:9      | Found a blossoming altar of Fedhas.
  8902 | D:9      | Found a shattered altar of Ashenzari.
  8940 | D:8      | Killed a two-headed ogre
  8940 | D:8      | Reached *** piety under Okawaru
  9168 | D:8      | Found a glowing silver altar of Zin.
  9168 | D:8      | Found a shimmering altar of Xom.
  9168 | D:8      | Noticed an angel
  9217 | D:8      | Found a runed translucent gate.
  9554 | D:7      | Reached skill level 10 in Axes
  9885 | D:8      | Noticed Grum
  9921 | D:8      | HP: 3/84 [Grum/+0 glaive (17)]
  9924 | D:8      | Killed Grum
 10490 | D:8      | Found a white marble altar of Elyvilon.
 10538 | D:8      | Noticed Erica
 10571 | D:8      | Killed Erica
 10571 | D:8      | Reached **** piety under Okawaru
 10947 | D:8      | Found a runed translucent gate.
 10948 | D:8      | Found a runed translucent gate.
 10949 | D:8      | Noticed Esekla's ghost (novice OpVM)
 10949 | D:8      | Noticed a nine-headed hydra
 11468 | D:9      | Found a bloodstained altar of Trog.
 11781 | D:9      | Received a gift from Okawaru
 12416 | D:9      | HP: 4/129 [Snorg (6)]
 12417 | D:9      | Slain by Snorg

Levels and vault maps discovered:
D:1:      roderic_dead_forest, layout_basic, hex_large
D:2:      layout_loops_corners
D:3:      layout_loops_ring, first_ration, nicolae_ashenzari_panopticon
D:4:      cheibrodos_old_hovel, layout_basic, dancing_weapons_uskayaw,
          old_standard_altar, chequers_serial_rivers_small_b
D:5:      lemuel_ice_spiral_2, layout_basic, grunt_tough_drop
D:6:      layout_basic, temple_doors_ab
D:7:      layout_loops_corners, kennysheep_little_box, tgw_sif,
          gammafunk_ghost_wrathful_warriors, lemuel_altar_in_water, uniq_maggie,
          uniq_duvessa
D:8:      layout_layer_cave, grunt_temple_overflow_order_and_chaos_1,
          old_standard_altar, gammafunk_ghost_hydra_chop, uniq_erica, uniq_grum
D:9:      layout_layer_cave, bloody_trog,
          chequers_temple_overflow_statue_of_worship
D:10:     layout_loops_ring, david_lair_shrubbed, erik_orc_3, uniq_snorg
Temple:   jpeg_temple_alley_garden

Skill      XL: |  1  2  3  4  5  6  7  8  9 10 |
---------------+-------------------------------+-----
Armour         | 4 5 6 7 8 9 |  9.4
Axes           | 3 4 5 6 7 9 10 | 10.5
Shields        | 4 5 7 8 9 |  9.3
Fighting       | 4 5 6 7 |  7.6
Dodging        | 1 |  1.4
Invocations    | 2 4 |  4.0
Stealth        | 1 |  1.2
Evocations     | 1 3 |  3.1
Throwing       | 1 |  1.3

Action                   |  1- 3 |  4- 6 |  7- 9 | 10-12 || total
-------------------------+-------+-------+-------+-------++-------
Melee: War axe           |   149 |   199 |   493 |   231 ||  1072
Throw: Boomerang         |       |     5 |    14 |    12 ||    31
Invok: Heroism           |       |       |       |     1 ||     1
Evoke: Wand              |       |       |     6 |     1 ||     7
  Use: Potion            |       |     1 |     1 |    13 ||    15
       Scroll            |       |       |     2 |       ||     2
 Stab: Paralysed         |       |       |     4 |       ||     4
  Eat: Chunk             |     2 |     7 |    11 |     3 ||    23
       Ration            |       |       |     2 |     2 ||     4
Armor: Scale mail        |    59 |       |       |       ||    59
       Chain mail        |    26 |   114 |   214 |    18 ||   372
       Plate armour      |       |       |       |   102 ||   102
       Skin              |       |       |       |    19 ||    19
Dodge: Dodged            |    38 |    48 |   159 |    90 ||   335
Block: Kite shield       |    86 |   111 |   284 |   185 ||   666

Table legend:
 A = Non-vault XP
 B = Vault XP
 C = Vault XP percentage of total XP
 D = Non-vault monster count
 E = Vault monster count
 F = Vault count percentage of total count
                 A         B        C        D         E       F
            +---------+---------+-------+---------+---------+-------
      Total |    5955 |    2403 |  28.8 |     185 |      21 |  10.2
            +---------+---------+-------+---------+---------+-------
        D:1 |      45 |       0 |   0.0 |      28 |       0 |   0.0
        D:2 |      41 |       0 |   0.0 |      16 |       0 |   0.0
        D:3 |     149 |       0 |   0.0 |      26 |       0 |   0.0
        D:4 |     731 |     121 |  14.2 |      24 |       1 |   4.0
        D:5 |     653 |     144 |  18.1 |      22 |       3 |  12.0
        D:6 |     972 |       0 |   0.0 |      22 |       0 |   0.0
        D:7 |    1118 |     636 |  36.3 |      25 |       4 |  13.8
        D:8 |    1268 |    1444 |  53.2 |       8 |       5 |  38.5
        D:9 |     543 |       3 |   0.5 |      11 |       1 |   8.3
       D:10 |     435 |      55 |  11.2 |       3 |       7 |  70.0
            +---------+---------+-------+---------+---------+-------
